 Dungeon Crawl Stone Soup version 0.17.0 (console) character file.

637 Monkaria the Skirmisher (level 7, -6/72 HPs)
             Began as a Deep Dwarf Abyssal Knight on Nov 20, 2015.
             Was a Priest of Lugonu.
             Mangled by Othourphu the merfolk
             ... wielding a +1 trident of piercing
             ... created by the player character
              (13 damage)
             ... in an ossuary.
             The game lasted 00:10:16 (2759 turns).

Monkaria the Skirmisher (Deep Dwarf Abyssal Knight) Turns: 2759, Time: 00:10:16

Health: -6/72      AC:  4    Str: 19    XL:     7   Next: 25%
Magic:  0/2        EV: 11    Int: 13    God:    Lugonu [***...]
Gold:   119        SH:  0    Dex: 12    Spells: 0 memorised, 6 levels left

rFire  . . .     SeeInvis .     a - +2 hand axe
rCold  . . .     Clarity  .     y - +0 leather armour (curse)
rNeg   . . .     SustAt   .     (no shield)
rPois  .         Gourm    .     (helmet restricted)
rElec  .         Spirit   .     u - +0 cloak
rCorr  .         Warding  .     (no gloves)
rMut   .         Stasis   .     r - +1 pair of boots
MR     +....                    (no amulet)
Stlth  +.........               (no ring)
                                j - +2 ring of strength

@: non-regenerating, somewhat resistant to hostile enchantments, very unstealthy
A: damage resistance, recharge devices, antennae 1, deformed body, sense
surroundings 1, slow regeneration 3
a: Device Recharging, Depart the Abyss, Bend Space, Banish, Renounce Religion


You were in an ossuary.
You worshipped Lugonu.
Lugonu was most pleased with you.
You were very hungry.

You visited 1 branch of the dungeon, and saw 4 of its levels.
You visited the Abyss 1 time.
You also visited: Ossuary.

You collected 267 gold pieces.

Inventory:

Hand Weapons
 a - a +2 hand axe (weapon)
 k - a +0 war axe
Missiles
 g - 40 poisoned needles
Armour
 b - a +0 leather armour
 r - a +1 pair of boots (worn)
 u - a +0 cloak (worn)
 y - a cursed +0 leather armour (worn)
Jewellery
 j - a +2 ring of strength (left hand)
 s - an uncursed ring of teleportation
Wands
 c - a wand of heal wounds (0)
 x - a wand of slowing (13)
Scrolls
 o - a scroll of enchant weapon
 q - a scroll of fog
Potions
 e - a potion of magic
 f - a potion of haste
 i - a potion of curing
 m - 2 potions of cure mutation
 p - a potion of cancellation {unknown}
 t - a potion of lignification
 w - 2 potions of heal wounds
Comestibles
 d - 6 bread rations
 h - 2 fruits
 l - 3 meat rations
 v - 2 beef jerkies


   Skills:
 - Level 7.0 Fighting
 + Level 4.4 Axes
 - Level 2.1 Armour
 - Level 1.1 Dodging
 - Level 2.4 Invocations


You had 6 spell levels left.
You didn't know any spells.

Dungeon Overview and Level Annotations

Branches:
Dungeon (4/15)
 Temple: D:4-7

Altars:
Nemelex Xobeh
Beogh

Shops:
D:4 }


Innate Abilities, Weirdness & Mutations

You are resistant to damage.
You can recharge devices by infusing magical energy.
You passively map a small area around you.
You do not regenerate naturally.
You have a pair of small antennae on your head.
Armour fits poorly on your strangely shaped body.


Message History

Othourphu hits you with a trident of piercing!!
* * * LOW HITPOINT WARNING * * *
x2 Evoke which item? (* to show all) (? for menu, Esc to quit)
Zapping:
c - a wand of heal wounds (1)
Press: ? - help, Shift-Dir - straight line, f - you You feel much better.
This wand has 0 charges left.
Othourphu hits you with a trident of piercing!
* * * LOW HITPOINT WARNING * * *
x2 Unknown command.
You hit Othourphu but do no damage.
Othourphu is severely wounded.
Othourphu hits you with a trident of piercing!
* * * LOW HITPOINT WARNING * * *
x2 You slash Othourphu!
Othourphu is almost dead.
Othourphu closely misses you.
You hit Othourphu.
Othourphu is almost dead.
Othourphu hits you with a trident of piercing!
You die...

#........8..8........#
#.........Z.Z........#
#...######ZM######...#
#...# ,, #..#∆∆!.#...#
#...#,* #..#∆∆#.#...#
#...#.####MZ####.#...#
#...#......ZZ.{..#...#
#...#......Z####.#...#
#...#.......#.@#M#...#
#...#.......#..mZ#...#
#.ZM#.....∩.######...#
#.Z.####+...., , #...#
#.Z.# , #...# #...#
#...# #... ∆ #...#
#...##############...#
#...Z.....Z.Z..m.....#
#.........∩∩Z........#


You could see Othourphu the merfolk and a kobold zombie.

Vanquished Creatures
  A phantom (D:4)
  A centaur zombie (Ossuary)
  4 orc priests
  A giant frog skeleton (D:4)
  3 hounds
  2 orc wizards (D:3)
  2 iguanas
  8 gnolls
  2 adders (D:2)
  2 worms
  7 orcs
  3 bats
  3 giant cockroaches
  9 hobgoblins
  2 jackals (D:1)
  10 kobolds
  A quokka (D:3)
  A ball python (D:1)
  A giant gecko (D:3)
  2 giant newts
  3 goblins
  6 hobgoblin zombies (Ossuary)
  7 kobold zombies (Ossuary)
  7 orc zombies (Ossuary)
  A quokka skeleton (D:4)
  4 rats
93 creatures vanquished.

Vanquished Creatures (others)
  A big kobold (Ossuary)
1 creature vanquished.

Grand Total: 94 creatures vanquished

Notes
Turn   | Place    | Note
--------------------------------------------------------------
     0 | Abyss:1  | Monkaria the Deep Dwarf Abyssal Knight began the quest for the Orb.
     0 | Abyss:1  | Reached XP level 1. HP: 20/20 MP: 2/2
    46 | Abyss:1  | Noticed an eidolon
    62 | D:1      | Escaped the Abyss
   112 | D:1      | Reached skill level 3 in Fighting
   361 | D:1      | Reached XP level 2. HP: 26/28 MP: 3/3
   382 | D:1      | Reached * piety under Lugonu
   823 | D:2      | Reached XP level 3. HP: 19/36 MP: 4/4
   871 | D:2      | Reached skill level 4 in Fighting
  1454 | D:3      | Found a roughly hewn altar of Beogh.
  1464 | D:3      | Reached XP level 4. HP: 31/45 MP: 5/5
  1467 | D:3      | Reached skill level 5 in Fighting
  1470 | D:3      | Reached XP level 5. HP: 33/52 MP: 6/6
  1619 | D:3      | Found a sparkling altar of Nemelex Xobeh.
  1780 | D:3      | Reached ** piety under Lugonu
  1971 | D:3      | Reached skill level 6 in Fighting
  2067 | D:3      | Reached XP level 6. HP: 42/62 MP: 6/6
  2149 | D:4      | Reached skill level 7 in Fighting
  2193 | D:4      | Found Liecoilo's Gadget Shop.
  2215 | D:4      | Noticed a phantom
  2244 | D:4      | Killed a phantom
  2244 | D:4      | Reached XP level 7. HP: 30/72 MP: 6/6
  2281 | D:4      | HP: 3/72 [iguana (5)]
  2462 | D:4      | Found a sand-covered staircase.
  2469 | Ossuary  | Entered an ossuary
  2525 | Ossuary  | Reached *** piety under Lugonu
  2617 | Ossuary  | Gained mutation: You possess an exceptional clarity of mind. [helix card]
  2618 | Ossuary  | Noticed Othourphu
  2709 | Ossuary  | Gained mutation: Armour fits poorly on your strangely shaped body. [helix card]
  2710 | Ossuary  | Hired Deceloch the big kobold for 100 gold.
  2742 | Ossuary  | Your ally Deceloch died
  2744 | Ossuary  | Lost mutation: You possess an exceptional clarity of mind. [helix card]
  2744 | Ossuary  | Gained mutation: You have a pair of small antennae on your head. [helix card]
  2759 | Ossuary  | Mangled by Othourphu the merfolk

Action                   |  1- 3 |  4- 6 |  7- 9 || total
-------------------------+-------+-------+-------++-------
Melee: Hand axe          |   111 |   108 |   125 ||   344
       War axe           |       |     2 |       ||     2
Throw: Tomahawk          |       |       |     6 ||     6
Invok: Depart the Abyss  |     1 |       |       ||     1
       Bend Space        |       |       |     3 ||     3
 Abil: Device Recharging |       |     2 |     4 ||     6
Evoke: Wand              |     3 |     8 |    23 ||    34
       Deck              |       |       |     9 ||     9
  Use: Scroll            |       |    15 |     1 ||    16
       Potion            |       |       |     1 ||     1
 Stab: Sleeping          |       |     1 |       ||     1
  Eat: Chunk             |     2 |     3 |     1 ||     6
